 Dungeon Crawl Stone Soup version 0.18-a0-1655-ge2d8d33 (webtiles) character file.

9454 Ratboiler the Carver (level 11, -1/72 HPs)
             Began as a Halfling Wanderer on Mar 30, 2016.
             Was a High Priest of Pakellas.
             Slain by a komodo dragon (25 damage)
             ... on level 3 of the Lair of Beasts.
             The game lasted 00:41:04 (14931 turns).

Ratboiler the Carver (Halfling Wanderer)           Turns: 14931, Time: 00:41:05

Health: -1/72      AC: 17    Str: 13    XL:     11   Next: 74%
Magic:  14/14      EV: 17    Int:  7    God:    Pakellas [*****.]
Gold:   405        SH:  0    Dex: 18    Spells: 0 memorised, 10 levels left

rFire  . . .     SeeInvis .     a - +1 falchion
rCold  . . .     Gourm    .     N - +1 ring mail "Puph" {*Drain Regen+ Int-3 Stlth+} (curse)
rNeg   . . .     Faith    .     (shield restricted)
rPois  .         Spirit   .     Z - +0 helmet
rElec  .         Dismiss  .     k - +2 cloak {+Inv}
rCorr  .         Reflect  .     j - +0 pair of gloves
SustAt .         Harm     .     m - +0 pair of boots
MR     .....                    (no amulet)
Stlth  ++++......               L - +5 ring of protection
                                x - ring of stealth

@: not resistant to hostile enchantments, stealthy
A: mutation resistance 1
a: Quick Charge, Device Surge, Renounce Religion, Evoke Invisibility


You were on level 3 of the Lair of Beasts.
You worshipped Pakellas.
Pakellas was extremely pleased with you.
You were not hungry.

You visited 2 branches of the dungeon, and saw 14 of its levels.
You also visited: Labyrinth.

You collected 594 gold pieces.
You spent 189 gold pieces at shops.

Inventory:

Hand Weapons
 a - a +1 falchion (weapon)
 c - a +0 blowgun
 K - a +0 hunting sling of freezing
Missiles
 g - 201 stones
 B - 50 sling bullets (quivered)
 H - 76 poisoned needles
 I - a throwing net
Armour
 j - a +0 pair of gloves (worn)
 k - a +2 cloak of invisibility (worn)
 m - a +0 pair of boots (worn)
 N - the cursed +1 ring mail "Puph" (worn) {*Drain Regen+ Int-3 Stlth+}
   (You bought it in a shop on level 7 of the Dungeon)

   It affects your intelligence (-3).
   It increases your rate of regeneration.
   It causes draining when unequipped.
   It makes you more stealthy.
   It has a curse placed upon it.
 Z - a +0 helmet (worn)
Rods
 b - a +2 rod of ignition (12/12)
   (Pakellas gifted it to you on level 7 of the Dungeon)
Jewellery
 i - an uncursed amulet of harm
 l - an uncursed ring of protection from magic
 x - a ring of stealth (left hand)
 y - an uncursed ring of ice
 L - a +5 ring of protection (right hand)
Wands
 e - a wand of enslavement (0/24)
 n - a wand of polymorph (6/24)
 u - a wand of digging (2/24)
 F - a wand of acid (5/15)
 G - a wand of polymorph (12/24)
 O - a wand of polymorph (16/24)
 P - a wand of lightning (9/15)
 V - a wand of disintegration (0/24)
 Y - a wand of digging (7/24)
Scrolls
 o - 4 scrolls of remove curse
 p - a scroll of recharging
 s - a scroll of enchant weapon
 t - 5 scrolls of enchant armour
 v - a scroll of noise
 w - a scroll of blinking
 z - 2 scrolls of teleportation
 D - a scroll of immolation {unknown}
 Q - 2 scrolls of amnesia
Potions
 d - a potion of agility
 h - a potion of brilliance
 r - 3 potions of magic
 C - a potion of heal wounds {unknown}
 E - a potion of haste
 J - a potion of cancellation
 R - a potion of mutation
 S - a potion of lignification {unknown}
 T - 3 potions of curing
 X - a potion of flight {unknown}
Books
 M - a book of Burglary

   Spells                             Type                      Level
   a - Swiftness                      Charms/Air                   2
   b - Passwall                       Transmutation/Earth          2
   c - Passage of Golubria            Translocation                4
   d - Lee's Rapid Deconstruction     Earth                        5
   e - Darkness                       Hexes                        6
   f - Invisibility                   Hexes                        6
Comestibles
 f - 9 bread rations
 q - 5 chunks of flesh
 A - 2 meat rations
 U - 5 fruits
 W - a beef jerky


   Skills:
 + Level 6.1 Fighting
 - Level 14.0 Long Blades
 + Level 6.9 Dodging
 - Level 3.2 Stealth
   Level 1.1 Shields
 - Level 5.0 Evocations


You had 10 spell levels left.
You didn't know any spells.

Dungeon Overview and Level Annotations

Branches:
Dungeon (11/15)            Temple (0/1) D:5            Lair (3/8) D:8
  Swamp: Lair:3-6    Shoals: Lair:3-6     Snake: Lair:3-6    Spider: Lair:3-6
    Orc: D:9-12

Altars:
Dithmenos
Fedhas
Kikubaaqudgha
Nemelex Xobeh
Okawaru
Pakellas
Qazlal
Ru
Sif Muna
Trog
Yredelemnul
Zin

Shops:
D:7 [

Annotations:
D:1 Ijyb
D:8 exclusion: ogre
Lair:2 exclusions: electric eel, hydra, 2 oklob plants and 1 more exclusion


Innate Abilities, Weirdness & Mutations

You are small and have problems with some larger weapons.
You are somewhat resistant to further mutation.


Message History

The komodo dragon closely misses you.
You barely miss the komodo dragon.
The komodo dragon is severely wounded.
Evoke which item? (* to show all) (? for menu, Esc to quit)
Zapping:
F - a wand of acid (7/15)
Press: ? - help, Shift-Dir - straight line, f - komodo dragon
Aim: a komodo dragon (severely wounded)
The bolt of acid hits the komodo dragon.
The komodo dragon is severely wounded.
This wand has 6 charges left.
The komodo dragon misses you.
Evoke which item? (* to show all) (? for menu, Esc to quit)
Zapping:
F - a wand of acid (6/15)
Press: ? - help, Shift-Dir - straight line, f/p - komodo dragon
Aim: a komodo dragon (severely wounded)
The bolt of acid hits the komodo dragon.
The acid corrodes the komodo dragon!
The komodo dragon is almost dead.
This wand has 5 charges left.
The komodo dragon bites you!!
You die...
Pakellas says: That's one more possible approach eliminated.

,,,,,,,,.........................
,,,,,,,,,.......................†
,,,,,,,,.....#...#.###....##.P...
,,,**,,,...#.#...#.##.#...##..#.#
*,***,*,...##........#....##.....
,,,,,,*,..............#....#.....
*,,,,,**...#PP...................
*,,,,,*#...#.....l...#...........
,*,,,,*#........@.....#...#P.....
,*,,,,*#......>......##...##.....
**,,*.##...##........##...####..#
,,,,#..#...###.....####...P..##.#
,,,..........##...##.##..........
,,,..............................
,,,..............................
,,,,.............................
,,,,.............................


You could see a komodo dragon.

Vanquished Creatures
  A minotaur (Lab)
  A hydra (Lair:2)
  A spiny frog (Lair:2)
  A hill giant zombie (D:11)
  10 yaks
  5 hippogriffs
  2 hungry ghosts
  2 soldier ants
  A water moccasin (D:8)
  3 porcupines
  An orc warrior (D:7)
  2 ice beasts
  A necrophage (D:10)
  A phantom (D:11)
  3 ogres
  An eye of draining (D:9)
  2 wolves (Lair:1)
  A centaur (D:7)
  3 crocodiles
  Blork the orc (D:4)
  2 big kobolds
  7 giant frogs
  A scorpion (D:6)
  5 killer bees
  A troll zombie (D:11)
  A howler monkey (D:2)
  6 crimson imps
  2 centaur zombies
  5 hounds
  A wasp zombie (D:8)
  4 giant frog zombies
  3 orc priests
  A centaur skeleton (D:6)
  A giant frog skeleton (D:6)
  2 jellies
  7 orc wizards
  5 iguanas
  12 worker ants
  A killer bee zombie (D:4)
  5 sheep (Lair:2)
  2 ogre zombies (D:11)
  A mummy (D:7)
  A worker ant zombie (D:6)
  14 adders
  6 gnolls (D:6)
  15 river rats (Lair:1)
  3 oozes
  An adder skeleton (D:8)
  An adder zombie (D:6)
  A worm (D:3)
  A dart slug (D:1)
  6 giant geckos
  33 orcs
  5 giant cockroaches
  14 goblins
  17 hobgoblins
  8 jackals
  2 quokkas
  5 bats
  A giant cockroach zombie (D:4)
  2 giant newts
  A goblin skeleton (D:11)
  2 hobgoblin skeletons (D:11)
  2 hobgoblin zombies (D:11)
  22 kobolds
  2 orc skeletons (D:11)
  6 orc zombies (D:11)
  A quokka skeleton (D:5)
  4 rats
294 creatures vanquished.

Vanquished Creatures (collateral kills)
  An orc (D:6)
  A quokka (D:6)
2 creatures vanquished.

Vanquished Creatures (others)
  A quasit (D:7)
  A giant gecko (D:4)
  2 orcs (D:4)
  A fungus (Lair:2)
  2 plants
7 creatures vanquished.

Grand Total: 303 creatures vanquished

Notes
Turn   | Place    | Note
--------------------------------------------------------------
     0 | D:1      | Ratboiler the Halfling Wanderer began the quest for the Orb.
     0 | D:1      | Ratboiler set off with: a wand of enslavement (15/24), a +0 falchion, a potion of curing, a +0 robe, a +0 dagger, a bread ration
     0 | D:1      | Reached XP level 1. HP: 14/14 MP: 1/1
   373 | D:1      | Reached XP level 2. HP: 19/19 MP: 2/2
   814 | D:1      | Reached skill level 4 in Long Blades
   814 | D:1      | Reached XP level 3. HP: 24/24 MP: 3/3
  1208 | D:2      | Noticed Ijyb
  1408 | D:2      | Found an oddly glowing altar of Pakellas.
  1444 | D:2      | Became a worshipper of Pakellas the Inventive
  1475 | D:2      | Reached XP level 4. HP: 26/29 MP: 4/4
  1734 | D:2      | Found a blossoming altar of Fedhas.
  1864 | D:2      | Reached skill level 5 in Long Blades
  2157 | D:3      | Noticed an ogre
  2174 | D:2      | Reached XP level 5. HP: 30/34 MP: 5/5
  2208 | D:3      | Reached * piety under Pakellas
  2350 | D:3      | Found a glowing silver altar of Zin.
  2385 | D:3      | Found a stormy altar of Qazlal.
  2387 | D:3      | Noticed an air elemental
  2388 | D:3      | Noticed a fire elemental
  2388 | D:3      | Noticed a water elemental
  2771 | D:3      | Found an ancient bone altar of Kikubaaqudgha.
  2793 | D:3      | Reached skill level 6 in Long Blades
  3697 | D:4      | Reached XP level 6. HP: 32/39 MP: 6/6
  3723 | D:4      | Noticed Blork the orc
  3755 | D:4      | Killed Blork the orc
  4148 | D:4      | Reached skill level 7 in Long Blades
  4337 | D:4      | Reached ** piety under Pakellas
  4337 | D:4      | Received a gift from Pakellas
  4386 | D:4      | Reached XP level 7. HP: 40/44 MP: 7/7
  4450 | D:4      | Found a sparkling altar of Nemelex Xobeh.
  5032 | D:5      | Entered Level 5 of the Dungeon
  5408 | D:5      | Found a staircase to the Ecumenical Temple.
  5561 | D:5      | You fall through a shaft for 3 floors!
  5566 | D:8      | Found a staircase to the Lair.
  5600 | D:8      | Found an oddly glowing altar of Pakellas.
  5684 | D:7      | Reached skill level 8 in Long Blades
  6173 | D:6      | Reached XP level 8. HP: 39/49 MP: 8/8
  6334 | D:6      | Reached skill level 9 in Long Blades
  6338 | D:6      | Reached *** piety under Pakellas
  6622 | D:6      | Found an iron altar of Okawaru.
  7778 | D:7      | Reached skill level 10 in Long Blades
  7859 | D:7      | Reached **** piety under Pakellas
  7859 | D:7      | Received a gift from Pakellas
  8048 | D:7      | Identified a +2 rod of ignition (12/12) (Pakellas gifted it to you on level 7 of the Dungeon)
  8186 | D:7      | Found Xiowo's Antique Armour Boutique.
  8313 | D:7      | Bought a shimmering ring mail for 189 gold pieces
  8323 | D:7      | Identified the cursed +1 ring mail "Puph" {*Drain Regen+ Int-3 Stlth+} (You bought it in a shop on level 7 of the Dungeon)
  8473 | D:7      | Reached XP level 9. HP: 54/54 MP: 9/9
  8473 | D:7      | Reached skill level 11 in Long Blades
  9041 | D:8      | Reached skill level 12 in Long Blades
  9072 | D:8      | Found a sacrificial altar of Ru.
 10051 | D:8      | Reached skill level 13 in Long Blades
 10051 | D:8      | Reached XP level 10. HP: 60/60 MP: 10/10
 10114 | D:9      | Found a bloodstained altar of Trog.
 10114 | D:9      | Found a basalt altar of Yredelemnul.
 10117 | D:9      | Found a shadowy altar of Dithmenos.
 10239 | D:9      | Found a deep blue altar of Sif Muna.
 10248 | D:9      | Reached ***** piety under Pakellas
 10761 | D:9      | Noticed a centaur warrior
 10816 | D:10     | Entered Level 10 of the Dungeon
 11188 | D:10     | Reached skill level 14 in Long Blades
 11853 | D:11     | Reached skill level 1 in Dodging
 12166 | D:11     | Noticed a hill giant
 12352 | Lair:1   | Entered Level 1 of the Lair of Beasts
 12504 | Lair:1   | Reached XP level 11. HP: 66/68 MP: 13/13
 13307 | Lair:2   | Reached skill level 5 in Dodging
 13360 | Lair:2   | Noticed a seven-headed hydra
 13494 | Lair:2   | Noticed an eight-headed hydra
 13532 | Lair:2   | Reached skill level 5 in Evocations
 13684 | Lair:2   | Reached skill level 5 in Fighting
 13816 | Lair:2   | Noticed a five-headed hydra
 13825 | Lair:2   | Killed a five-headed hydra
 13874 | Lair:2   | Noticed an oklob plant
 13874 | Lair:2   | Noticed an oklob plant
 14000 | Lair:1   | Noticed a five-headed hydra
 14069 | Lair:3   | Found a deep blue altar of Sif Muna.
 14093 | Lair:3   | Reached ****** piety under Pakellas
 14122 | Lair:3   | Found a labyrinth entrance.
 14137 | Lab      | Entered a labyrinth
 14657 | Lab      | Noticed a minotaur
 14685 | Lab      | Killed a minotaur
 14931 | Lair:3   | Slain by a komodo dragon

Vault maps used:
D:1:      dpeg_arrival_solitude
D:2:      nicolae_overflow_crystal_walls, johnstein_pakellas_dig, uniq_iyjb
D:3:      nicolae_qazlal_style_of_elements, lemuel_round_altar,
          lemuel_doored_altar, first_bread
D:4:      lemuel_round_altar, uniq_blork_the_orc
D:5:      minmay_temple_entry_trees, kennysheep_potato
D:6:      corexii_shantytown, grunt_ministairs_1, okawaru_altar_gauntlet_db
D:7:      gammafunk_temple_overflow_forgotten, serial_undead, serial_undead_a,
          serial_undead_e, serial_undead_f, serial_undead_d, serial_shops, shop,
          uniq_pikel
D:8:      nicolae_ru_path_of_blood, lemuel_crystal_altar, lair_0_dummy
D:9:      old_standard_altar, minitemple
D:11:     zombieorc2_lemuel
Lair:1:   infiniplex_staircase_pool, lemuel_fruit_tree
Lair:2:   dpeg_oklob_gauntlet, minivault_29, serial_bayou_shore_a
Lair:3:   lab_entry_generic, basic_altar
Lab:      labyrinth_skeletal_remains, nicolae_lab_flowing_pool

Skill      XL: |  1  2  3  4  5  6  7  8  9 10 11 |
---------------+----------------------------------+-----
Long Blades    | 4 5 6 7 8 10 13 14 | 14.0
Fighting       | 3 6 |  6.1
Dodging        | 3 6 |  6.9
Evocations     | 3 5 |  5.0
Stealth        | |  3.2
Shields        | |  1.1

Action                   |  1- 3 |  4- 6 |  7- 9 | 10-12 || total
-------------------------+-------+-------+-------+-------++-------
Melee: Falchion          |   113 |   270 |   731 |   813 ||  1927
 Fire: Hunting sling     |       |     5 |       |       ||     5
Throw: Stone             |       |    13 |       |       ||    13
Evoke: Wand              |     2 |     8 |     7 |    24 ||    41
       Rod               |       |       |    12 |    14 ||    26
  Use: Potion            |     1 |     2 |     1 |     1 ||     5
       Scroll            |       |     7 |     2 |    10 ||    19
 Stab: Sleeping          |     2 |     2 |    14 |    14 ||    32
       Distracted        |       |     1 |     3 |     1 ||     5
  Eat: Chunk             |     2 |       |     5 |     4 ||    11
       Meat ration       |       |     2 |     3 |     3 ||     8
       Fruit             |       |       |     6 |       ||     6
       Royal jelly       |       |       |     1 |       ||     1
       Bread ration      |       |       |     1 |     2 ||     3
       Beef jerky        |       |       |       |     1 ||     1
